 Dungeon Crawl Stone Soup version 0.29-a0-648-g6b26cc9f40 (webtiles) character file.

Game seed: 7940673467348252356

22528 zeratav the Marksspriggan (level 12, -1/67 HPs)
             Began as a Spriggan Hunter on June 20, 2022.
             Was a High Priest of Dithmenos.
             Killed from afar by an efreet (27 damage)
             ... with a fireball
             ... on level 13 of the Dungeon.
             The game lasted 00:29:38 (14446 turns).

zeratav the Marksspriggan (Spriggan Hunter)        Turns: 14446, Time: 00:29:39

Health: -1/67      AC: 11    Str:  6    XL:     12   Next: 63%
Magic:  16/16      EV: 30    Int: 10    God:    Dithmenos [*****.]
Gold:   880        SH:  0    Dex: 30    Spells: 11/11 levels left

rFire   . . .      SeeInvis +   a - +1 shortbow {bow}
rCold   . . .      Faith    .   (shield currently unavailable)
rNeg    + . .      Spirit   .   M - +0 acid dragon scales
rPois   +          Reflect  .   (helmet restricted)
rElec   .          Harm     .   A - +2 ratskin cloak {*Rats rPois rN+ Str-1 Int-1 Dex+1}
rCorr   +          Rampage  .   (gloves unavailable)
Will    ++...                   (boots unavailable)
Stlth   +++++.....              (no amulet)
HPRegen 0.21/turn               m - +6 ring of dexterity
MPRegen 0.15/turn               w - +4 ring of evasion

@: wreathed by umbra, very quick
A: very small, no large weapons, unfitting armour, see invisible, speed 3
a: Renounce Religion, Shadow Step, Shadow Form


You were on level 13 of the Dungeon.
You worshipped Dithmenos.
Dithmenos was extremely pleased with you.
You visited 2 branches of the dungeon, and saw 14 of its levels.
You also visited: Sewer and Bailey.

You collected 880 gold pieces.


Innate Abilities, Weirdness & Mutations

You are very small and have problems with some larger weapons.
You are too small for most types of armour.
You have supernaturally acute eyesight. (SInv)
You cover ground extremely quickly. (Speed+++)


   Skills:
 - Level 10.0 Fighting
 - Level 16.0 Bows
 + Level 6.6 Armour
 - Level 10.0 Dodging
 - Level 5.0 Stealth
 - Level 4.2 Invocations


You had 11 spell levels left.
You didn't know any spells.
Your spell library contained the following spells:

 Spells                   Type           Power      Damage    Failure   Level
 Slow                     Hex            0%         N/A       56%         1
 Blink                    Tloc           0%         N/A       71%         2
 Ensorcelled Hibernation  Hex/Ice        0%         N/A       71%         2
 Passwall                 Tmut/Erth      0%         N/A       71%         2
 Static Discharge         Conj/Air       0%         N/A       71%         2
 Confusing Touch          Hex            0%         N/A       90%         3
 Lesser Beckoning         Tloc           0%         N/A       90%         3
 Spider Form              Tmut/Pois      0%         N/A       90%         3
 Vampiric Draining        Necr           0%         2d6       90%         3
 Anguish                  Hex/Necr       0%         N/A       100%        4
 Leda's Liquefaction      Hex/Erth       0%         N/A       100%        4
 Freezing Cloud           Conj/Ice/Air   0%         6-21      100%        5
 Manifold Assault         Tloc           0%         N/A       100%        5
 Death Channel            Necr           0%         N/A       100%        6
 Simulacrum               Ice/Necr       0%         N/A       100%        6
 Borgnjor's Revivificati  Necr           0%         N/A       100%        8
 Polar Vortex             Ice            0%         N/A       100%        9

Inventory:

Hand Weapons
 a - a +1 shortbow (weapon) {bow}
 t - a +4 hunting sling {sling}
   (You found it on level 3 of the Dungeon)
Armour
 b - a +0 troll leather armour
   (You found it on level 12 of the Dungeon)
 A - the +2 ratskin cloak (worn) {*Rats rPois rN+ Str-1 Int-1 Dex+1}
   (You found it on level 5 of the Dungeon)

   When the wearer is hurt, rats may emerge from it to assist them.
   Str:       It affects your strength (-1).
   Int:       It affects your intelligence (-1).
   Dex:       It affects your dexterity (+1).
   rPois:     It protects you from poison.
   rN:        It protects you from negative energy.
 L - a +0 robe of willpower
   (You took it off Erolcha on level 9 of the Dungeon)
 M - +0 acid dragon scales (worn)
   (You found it on level 9 of the Dungeon)
Jewellery
 m - a +6 ring of dexterity (left hand)
   (You found it on level 2 of the Dungeon)
 w - a +4 ring of evasion (right hand)
   (You took it off an orc on level 4 of the Dungeon)
 z - an amulet of faith {!P}
   (You found it on level 5 of the Dungeon)
 N - a ring of resist corrosion
   (You found it on level 11 of the Dungeon)
Wands
 r - a wand of charming (37)
   (You found it on level 3 of the Dungeon)
 u - a wand of polymorph (14)
   (You found it on level 4 of the Dungeon)
 v - a wand of flame (47)
   (You took it off an orc on level 4 of the Dungeon)
 G - a wand of iceblast (10)
   (You took it off a gnoll on level 8 of the Dungeon)
 K - a wand of mindburst (8)
   (You found it on level 10 of the Dungeon)
Scrolls
 c - 2 scrolls of immolation {!r!r}
 g - 2 scrolls of blinking {!r}
 l - 6 scrolls of magic mapping {!r}
 p - 2 scrolls of brand weapon
 q - 10 scrolls of teleportation {@r4}
 y - 2 scrolls of vulnerability {!r!r}
 B - a scroll of amnesia
 C - a scroll of silence {!r}
 E - 3 scrolls of summoning
 F - 2 scrolls of enchant armour {unknown}
 H - a scroll of fear
 O - 3 scrolls of identify {@r1}
 P - a scroll of fog {unknown}
Potions
 d - 3 potions of heal wounds {unknown}
 e - a potion of haste {unknown}
 f - 2 potions of degeneration {unknown}
 h - a potion of attraction {unknown}
 i - 5 potions of curing {unknown}
 j - a potion of ambrosia {unknown}
 k - 2 potions of mutation {unknown}
 n - a potion of berserk rage {unknown}
 o - a potion of lignification {unknown}
 s - 2 potions of flight {unknown}
 x - 3 potions of brilliance {unknown}
 D - a potion of might {unknown}
 I - 2 potions of magic {unknown}
 J - a potion of cancellation {unknown}

Dungeon Overview and Level Annotations

Branches:
Dungeon (13/15) Zot: 26316  Temple (1/1) D:4 Zot: 5957    Lair (0/6) D:10
    Orc (0/2) D:12          Sewer (visited)          Bailey (visited)
 Vaults: D:13-14

Altars:
Ashenzari
Cheibriados
Dithmenos
Elyvilon
Fedhas
Gozag
Hepliaklqana
Kikubaaqudgha
Makhleb
Nemelex Xobeh
Okawaru
Qazlal
Ru
Sif Muna
Trog
Uskayaw
Vehumet
Wu Jian
Xom
Yredelemnul
Zin
The Shining One

Shops:
D:10 :

Annotations:
D:13 Lodul

########
#......#
#......#
#<.....# #.#
#......#
#.###......#
#.#.@......#
..
#.#.##+#####
....#####.#.#
....○.)☼#.#.#
....°°#O#.#R#
....O
#.○☼§§##+####
....
###§§§§......
...
#§§§§......
..# ..
#§§§§......
#.#


You could see an efreet.


Message History

You shoot an arrow. The arrow hits the ogre!!
You shoot an arrow. The arrow closely misses the ogre.
The arrow hits the ogre!
Your shadow shoots an arrow.
The arrow hits the ogre.
Lodul the Thundrous comes into view.
He is wielding a +0 dire flail.
Really attack while wielding your +1 shortbow {bow}? [Y]es or [N]o only, please.
Really attack while wielding your +1 shortbow {bow}? [Y]es or [N]o only, please.
Really attack while wielding your +1 shortbow {bow}? [Y]es or [N]o only, please.
Really attack while wielding your +1 shortbow {bow}?
Okay, then.
Shoot: a) +1 shortbow {bow}
Press: ? - help, Q - select action, (/) - cycle Shift-Dir - straight line, f/p - ogre
Aim: an ogre, wielding a +0 giant club (severely wounded, umbra, 85% to hit)
You shoot an arrow. The arrow hits the ogre!
You kill the ogre!
Dithmenos accepts your kill.
Shoot: a) +1 shortbow {bow}
Press: ? - help, Q - select action, (/) - cycle Shift-Dir - straight line, f - ogre
Aim: an ogre, wielding a +0 giant spiked club (umbra, 85% to hit)
You shoot an arrow.
The arrow hits the ogre but does no damage.
Your shadow shoots an arrow.
The arrow hits the ogre.
The ogre misses you. The ogre completely misses you.
Shoot: a) +1 shortbow {bow}
Press: ? - help, Q - select action, (/) - cycle Shift-Dir - straight line, f - ogre, p - ogre
Aim: an ogre, wielding a +0 giant spiked club (moderately wounded, umbra, 85% to hit)
You shoot an arrow. The arrow barely misses the ogre.
Shoot: a) +1 shortbow {bow}
Press: ? - help, Q - select action, (/) - cycle Shift-Dir - straight line, f/p - ogre
Aim: an ogre, wielding a +0 giant spiked club (moderately wounded, umbra, 85% to hit)
You shoot an arrow. The arrow hits the ogre!
Your shadow shoots an arrow.
The arrow hits the ogre.
The ogre hits you with a +0 giant spiked club!
The ogre completely misses you.
HP[-12]
You take 12 damage, and now have 55/67 hp.
Shoot: a) +1 shortbow {bow}
Press: ? - help, Q - select action, (/) - cycle Shift-Dir - straight line, f/p - ogre
Aim: an ogre, wielding a +0 giant spiked club (almost dead, umbra, 85% to hit)
You shoot an arrow. The arrow hits the ogre!
You kill the ogre!
Dithmenos accepts your kill.
Your shadow shoots an arrow.
The ogre closely misses you.
Items here: ))) †.
HP[+1]
You shoot an arrow. The arrow hits the ogre!
You shoot an arrow. The arrow hits the ogre!
You kill the ogre!
Dithmenos accepts your kill.
Your shadow shoots an arrow.
You shoot an arrow. The arrow hits the ogre.
You shoot an arrow. The arrow hits the ogre!
HP[+1]
You shoot an arrow. The arrow hits the ogre.
You shoot an arrow. The arrow hits the ogre!
You kill the ogre!
Dithmenos accepts your kill.
Your shadow shoots an arrow.
Lodul is engulfed in blazing flames.
You shoot an arrow. The arrow hits the ogre!!
You shoot an arrow. The arrow hits the ogre!!
You kill the ogre!
Dithmenos accepts your kill.
You shoot an arrow. The arrow barely misses the ogre.
Lodul is engulfed in blazing flames.
Electricity crackles from Lodul's apparatus.
The bolt of lightning misses you.
HP[+1]
You shoot an arrow. The arrow hits the ogre!
You shoot an arrow. The arrow hits the ogre!
The efreet gestures at you. The bolt of fire misses you. The ogre misses you.
You shoot an arrow. The arrow hits the ogre!
You kill the ogre!
Dithmenos accepts your kill. The efreet gestures at you.
The bolt of fire hits you!!
* * * LOW HITPOINT WARNING * * *
A hell rat scurries out from under your cloak.
You emit a cloud of dark smoke.
HP[-33]
You take 33 damage, and now have 25/67 hp.
MASSIVE DAMAGE!! (PAUSE)
You are too injured to fight recklessly!
You are too injured to fight recklessly!
You are too injured to fight recklessly!
Unknown command.
Something hits your hell rat!! Something burns your hell rat.
Your hell rat dies!
HP[+1] Shoot: a) +1 shortbow {bow}
Press: ? - help, Q - select action, (/) - cycle Shift-Dir - straight line, f - efreet
Aim: an efreet, wielding a +0 scimitar of flaming (black smoke, umbra, 87% to hit)
You shoot an arrow.
The arrow hits the efreet but does no damage.
The efreet gestures at you.
The fireball explodes!
The fireball engulfs you!!
You die...

Skill      XL: |  1  2  3  4  5  6  7  8  9 10 11 12 |
---------------+-------------------------------------+-----
Stealth        | 3 4 5 |  5.0
Bows           | 7 9 11 12 14 16 | 16.0
Dodging        | 5 7 9 10 | 10.0
Fighting       | 3 4 6 8 10 | 10.0
Invocations    | 3 4 |  4.2
Armour         | 1 6 |  6.6

Action                   |  1- 3 |  4- 6 |  7- 9 | 10-12 || total
-------------------------+-------+-------+-------+-------++-------
 Fire: Shortbow          |    82 |   109 |   495 |   759 ||  1445
  Use: Scroll            |       |       |     5 |     6 ||    11
Armor: Robe              |     2 |     3 |     8 |     3 ||    16
       Acid dragon scale |       |       |       |     2 ||     2
Dodge: Dodged            |     6 |    23 |   163 |   421 ||   613

Levels and vault maps discovered:
D:1:      lemuel_arrival_cross, layout_basic,
          dreamdust_ecumenical_altar_drowned_temple, minmay_statues_item,
          minmay_distorted
D:2:      layout_rooms, basic_altar, hangedman_decor_opposing, uniq_sigmund,
          uniq_terence, uniq_natasha
D:3:      layout_rooms, mainiacjoe_overflow_chevrons
D:4:      layout_cave_pools, grunt_temple_overflow_diamond,
          minmay_temple_entry_large_hall
D:5:      wander_guarded_unrand_ratskin, layout_basic, st_stairs_6,
          minmay_misc_feat_square
D:6:      layout_cave_pools, mainiacjoe_overflow_boulevard,
          gup_sewer_entry_spiral
D:7:      layout_basic, old_standard_altar, nicolae_ru_path_of_blood,
          minmay_misc_feat_nine_boxes, roderic_serpentine_path
D:8:      layout_rooms, amcnicky_altar_gilded, nzn_hepliaklqana_mist_gate
D:9:      minmay_diamond_stairs, layout_rooms,
          grunt_temple_overflow_lords_of_destruction,
          mainiacjoe_overflow_tiny_flanked, uniq_grum, uniq_erolcha
D:10:     layout_layer_cave, erik_lair_island, enter_bailey_5,
          nicolae_stop_n_shop_2, minivault_27, mumra_transporter_accident,
          bh_hangedman_babel_library
D:11:     layout_irregular_city
D:12:     layout_loops_cross, erik_orc_3, chequers_serial_rivers_large_b
D:13:     lemuel_ogre_cave, layout_basic, uniq_lodul
Temple:   eino_temple_lava

Notes
Turn   | Place    | Note
-------+----------+-------------------------------------------
     0 | D:1      | zeratav the Spriggan Hunter began the quest for the Orb.
     0 | D:1      | Reached XP level 1. HP: 10/10 MP: 2/2
     0 | D:1      | magus.rc [v1.9.6]
    21 | D:1      | Reached skill level 2 in Stealth
    95 | D:1      | Found a faded altar of an unknown god.
   112 | D:1      | Reached skill level 3 in Stealth
   121 | D:1      | Reached XP level 2. HP: 14/14 MP: 3/3
   168 | D:1      | Reached skill level 4 in Stealth
   285 | D:1      | You pick up a book of Ice and begin reading...
   285 | D:1      | You add the spells Freezing Cloud, Simulacrum and Polar
                  | Vortex to your library.
   586 | D:1      | Reached XP level 3. HP: 18/18 MP: 4/4
   669 | D:2      | Reached skill level 5 in Stealth
   705 | D:2      | Reached skill level 5 in Bows
   716 | D:2      | Noticed Sigmund
   729 | D:2      | HP: 2/18 [Sigmund/magic dart (4)]
   731 | D:2      | Killed Sigmund
   732 | D:2      | Reached skill level 7 in Bows
   732 | D:2      | Reached XP level 4. HP: 3/22 MP: 5/5
   732 | D:2      | Reached XP level 5. HP: 3/25 MP: 6/6
  1029 | D:2      | Noticed Terence
  1045 | D:2      | Killed Terence
  1165 | D:2      | You pick up a book of Dreams and begin reading...
  1165 | D:2      | You add the spells Ensorcelled Hibernation, Spider Form and
                  | Anguish to your library.
  1205 | D:2      | Found a white marble altar of Elyvilon.
  1211 | D:2      | Noticed Natasha
  1219 | D:2      | Killed Natasha
  1515 | D:3      | Found a shimmering altar of Xom.
  1610 | D:3      | Reached XP level 6. HP: 30/30 MP: 7/7
  1618 | D:3      | Reached skill level 8 in Bows
  2223 | D:4      | Noticed a water moccasin
  2273 | D:3      | Killed a water moccasin
  2274 | D:3      | Reached skill level 9 in Bows
  2274 | D:3      | Reached XP level 7. HP: 27/33 MP: 8/8
  2587 | D:4      | HP: 8/33 [orc wizard/+0 dagger (2)]
  2591 | D:4      | Reached skill level 10 in Bows
  2978 | D:4      | Found a staircase to the Ecumenical Temple.
  2985 | D:4      | You pick up a book of Spatial Translocations and begin
                  | reading...
  2985 | D:4      | You add the spells Blink, Lesser Beckoning and Manifold
                  | Assault to your library.
  2990 | Temple   | Entered the Ecumenical Temple
  3332 | D:4      | Found a shadowy altar of Dithmenos.
  3335 | D:4      | Found a white marble altar of Elyvilon.
  3339 | D:4      | Found an opulent altar of Gozag.
  3345 | D:4      | Became a worshipper of Dithmenos the Shadowed
  3383 | D:5      | Entered Level 5 of the Dungeon
  3401 | D:5      | Reached skill level 3 in Dodging
  3408 | D:5      | Reached skill level 2 in Fighting
  3463 | D:5      | Noticed a two-headed ogre
  3521 | D:5      | Killed a two-headed ogre
  3522 | D:5      | Reached skill level 3 in Fighting
  3522 | D:5      | Reached skill level 11 in Bows
  3522 | D:5      | Reached skill level 5 in Dodging
  3522 | D:5      | Reached XP level 8. HP: 29/40 MP: 9/9
  3794 | D:5      | Reached skill level 6 in Dodging
  3827 | D:5      | Reached skill level 4 in Fighting
  4305 | D:5      | Reached skill level 7 in Dodging
  4330 | D:5      | Reached XP level 9. HP: 46/46 MP: 10/10
  4371 | D:5      | Reached * piety under Dithmenos
  4586 | D:5      | Found the +2 ratskin cloak {*Rats rPois rN+ Str-1 Int-1
                  | Dex+1}
  4815 | D:6      | Found a snail-covered altar of Cheibriados.
  4922 | D:6      | Reached skill level 5 in Fighting
  4922 | D:6      | Reached skill level 12 in Bows
  4942 | D:6      | Reached ** piety under Dithmenos
  4943 | D:6      | Reached skill level 8 in Dodging
  5124 | D:6      | Found a glowing drain.
  5128 | Sewer    | Entered a sewer
  5838 | D:6      | Reached skill level 9 in Dodging
  6085 | D:7      | Found an ornate altar of the Wu Jian Council.
  6592 | D:7      | Reached *** piety under Dithmenos
  6593 | D:7      | Reached skill level 6 in Fighting
  7123 | D:7      | Reached XP level 10. HP: 53/53 MP: 11/11
  7162 | D:7      | Found a sacrificial altar of Ru.
  7320 | D:7      | HP: 12/53 [bullfrog (4)]
  7583 | D:8      | Reached skill level 13 in Bows
  7810 | D:8      | Found a hazy altar of Hepliaklqana.
  7823 | D:8      | Found a blossoming altar of Fedhas.
  8067 | D:9      | Noticed a green ugly thing
  8069 | D:9      | Noticed a centaur warrior
  8147 | D:8      | Killed a green ugly thing
  8148 | D:8      | Reached skill level 10 in Dodging
  8260 | D:9      | Noticed a centaur warrior
  8277 | D:9      | Killed a centaur warrior
  8427 | D:9      | Found a bloodstained altar of Trog.
  8447 | D:9      | Reached skill level 7 in Fighting
  8459 | D:9      | Reached skill level 14 in Bows
  8476 | D:9      | Noticed a brown ugly thing
  8513 | D:9      | Killed a brown ugly thing
  8624 | D:9      | Noticed a cyclops
  8625 | D:9      | Noticed a red ugly thing
  8962 | D:9      | Killed a red ugly thing
  9017 | D:9      | Noticed a two-headed ogre
  9043 | D:8      | Killed a two-headed ogre
  9086 | D:9      | Noticed Grum
  9100 | D:9      | Killed Grum
  9101 | D:9      | Reached skill level 8 in Fighting
  9101 | D:9      | Reached XP level 11. HP: 51/60 MP: 12/12
  9247 | D:9      | Killed a centaur warrior
  9248 | D:9      | Reached skill level 15 in Bows
  9372 | D:10     | Entered Level 10 of the Dungeon
  9499 | D:10     | Reached **** piety under Dithmenos
  9633 | D:10     | Found a staircase to the Lair.
  9660 | D:10     | Noticed a two-headed ogre
  9667 | D:10     | Killed a two-headed ogre
  9685 | D:10     | Found Umman's Book Emporium.
  9838 | D:10     | Noticed a wizard
  9861 | D:10     | Found a flagged portal.
  9895 | Bailey   | Entered a bailey
 10087 | Bailey   | Reached skill level 9 in Fighting
 10121 | Bailey   | Noticed Prince Ribbit
 10121 | Bailey   | Noticed a vault guard
 10129 | Bailey   | Killed Prince Ribbit
 10203 | Bailey   | Killed a vault guard
 10355 | Bailey   | Noticed a vault guard
 10388 | Bailey   | Reached skill level 16 in Bows
 10660 | Bailey   | Killed a vault guard
 10880 | D:9      | Noticed Erolcha
 10898 | D:9      | Reached skill level 10 in Fighting
 10904 | D:9      | Reached skill level 1 in Invocations
 10908 | D:9      | Reached ***** piety under Dithmenos
 10909 | D:9      | Reached skill level 2 in Invocations
 10919 | D:9      | Killed Erolcha
 10920 | D:9      | Reached skill level 3 in Invocations
 11326 | D:9      | Found a burning altar of Makhleb.
 11327 | D:9      | Found a radiant altar of Vehumet.
 11506 | D:10     | Noticed a deep elf pyromancer
 11511 | D:10     | Killed a deep elf pyromancer
 11512 | D:10     | Reached skill level 1 in Armour
 11512 | D:10     | Reached XP level 12. HP: 67/67 MP: 15/15
 11516 | D:10     | Reached skill level 2 in Armour
 11529 | D:10     | You add the spells Static Discharge and Vampiric Draining
                  | to your library.
 11529 | D:10     | Got the Compendium of Dhcmrlchtdj
 11709 | D:10     | You add the spells Death Channel and Borgnjor's
                  | Revivification to your library.
 11709 | D:10     | Got Kikubaaqudgha's Almanac of Sand
 11716 | D:10     | You add the spells Passwall and Leda's Liquefaction to your
                  | library.
 11716 | D:10     | Got Sif Muna's Handbook of Plaster Cramp
 11940 | D:10     | You pick up a book of Debilitation and begin reading...
 11940 | D:10     | You add the spells Slow and Confusing Touch to your
                  | library.
 12113 | D:11     | Reached skill level 3 in Armour
 12195 | D:11     | Noticed a boulder beetle
 12239 | D:11     | Killed a boulder beetle
 12493 | D:11     | Reached skill level 4 in Armour
 12799 | D:11     | Noticed a two-headed ogre
 12824 | D:11     | Killed a two-headed ogre
 13183 | D:12     | Noticed a four-headed hydra
 13191 | D:12     | Killed a four-headed hydra
 13192 | D:12     | Reached skill level 5 in Armour
 13192 | D:12     | Reached skill level 4 in Invocations
 13499 | D:12     | You fall into a shaft and drop 1 floor!
 13609 | D:12     | Reached skill level 6 in Armour
 13870 | D:12     | Found a staircase to the Orcish Mines.
 14416 | D:13     | Noticed Lodul
 14446 | D:13     | Killed from afar by an efreet

Vanquished Creatures
  2 vault guards (Bailey)
  Erolcha (D:9)
  A hydra (D:12)
  4 two-headed ogres
  2 centaur warriors (D:9)
  3 wizards
  A deep elf pyromancer (D:10)
  2 cyclopes
  3 ugly things
  A manticore (D:11)
  A rime drake (shapeshifter) (D:9)
  6 trolls
  Prince Ribbit (Bailey)
  3 slime creatures (D:12)
  3 hornets
  Sigmund (D:2)
  A wyvern (D:9)
  A wraith (D:11)
  A vampire (D:12)
  4 yaks (D:9)
  8 humans (Bailey)
  Grum (D:9)
  3 acid dragons
  3 water moccasins
  2 orc warriors (D:12)
  A black bear (D:5)
  4 ice beasts
  9 ogres
  3 wolves
  A centaur (D:5)
  5 kobold brigands
  2 necrophages
  17 bullfrogs
  3 scorpions
  5 killer bees
  2 electric eels (D:10)
  3 howler monkeys (D:11)
  A crimson imp (D:9)
  3 jellies
  7 hounds
  6 orc priests
  3 gnoll shamans
  Natasha (D:2)
  3 iguanas
  8 orc wizards
  6 hell rats (D:5)
  Terence (D:2)
  15 gnolls
  10 adders
  24 river rats
  A white imp (D:6)
  2 ufetubi
  5 worms
  2 dart slugs
  41 orcs
  6 bats
  8 endoplasms
  6 giant cockroaches
  15 goblins
  16 hobgoblins
  9 jackals (D:4)
  19 kobolds
  6 quokkas
  14 ball pythons
  5 frilled lizards
  9 rats
  A spectral kobold (D:1)
367 creatures vanquished.

Vanquished Creatures (collateral kills)
  A boulder beetle (D:11)
  A komodo dragon (D:11)
  A steam dragon (D:7)
  A hound (D:10)
  An orc (D:10)
5 creatures vanquished.

Grand Total: 372 creatures vanquished

Table legend:
 A = Non-vault XP
 B = Vault XP
 C = Vault XP percentage of total XP
 D = Non-vault monster count
 E = Vault monster count
 F = Vault count percentage of total count
                 A         B        C        D         E       F
            +---------+---------+-------+---------+---------+-------
      Total |   15640 |   16544 |  51.4 |     224 |     148 |  39.8
            +---------+---------+-------+---------+---------+-------
        D:1 |      43 |       2 |   4.4 |      27 |       2 |   6.9
        D:2 |      20 |     298 |  93.7 |      13 |       3 |  18.8
        D:3 |     370 |       0 |   0.0 |      29 |       0 |   0.0
        D:4 |     214 |       0 |   0.0 |      35 |       0 |   0.0
        D:5 |    1793 |     599 |  25.0 |      18 |      27 |  60.0
        D:6 |     940 |      23 |   2.4 |      26 |       6 |  18.8
        D:7 |    1034 |       0 |   0.0 |      19 |       0 |   0.0
        D:8 |    1460 |     536 |  26.9 |      13 |       1 |   7.1
        D:9 |    1978 |    5015 |  71.7 |      14 |      11 |  44.0
       D:10 |    1097 |    2617 |  70.5 |      11 |      15 |  57.7
       D:11 |    3549 |       0 |   0.0 |      10 |       0 |   0.0
       D:12 |    3142 |    1085 |  25.7 |       9 |      15 |  62.5
       D:13 |       0 |     974 | 100.0 |       0 |       8 | 100.0
      Sewer |       0 |     525 | 100.0 |       0 |      28 | 100.0
     Bailey |       0 |    4870 | 100.0 |       0 |      32 | 100.0
            +---------+---------+-------+---------+---------+-------

Illustrated notes

Table legend:
 A = Kills in this place as a percentage of kills in entire the game.
 B = Kills by you in this place as a percentage of kills by you in the entire game.
 C = Kills by friends in this place as a percentage of kills by friends in the entire game.
 D = Other kills in this place as a percentage of other kills in the entire game.
 E = Experience gained in this place as a percentage of experience gained in the entire game.
 F = Experience gained in this place divided by the number of levels of this place that you have seen.
                   A       B       C       D       E      F
               +-------+-------+-------+-------+-------+----------------------
         Total | 100.0 | 100.0 | 100.0 |   N/A | 100.0 | 2011.5
       Dungeon |  83.9 |  83.7 | 100.0 |   N/A |  83.2 | 2060.7
         Sewer |   7.5 |   7.6 |   0.0 |   N/A |   1.6 | 525.0
        Bailey |   8.6 |   8.7 |   0.0 |   N/A |  15.1 | 4870.0
               +-------+-------+-------+-------+-------+----------------------

Table legend: (Time is in decaauts)
 A = Elapsed time spent in this place.
 B = Non-inter-level travel time spent in this place.
 C = Inter-level travel time spent in this place.
 D = Time resting spent in this place.
 E = Time spent auto-exploring this place.
 F = Levels seen in this place.
 G = Mean time per level.
                   A        B        C        D        E       F      G
               +--------+--------+--------+--------+--------+-----+--------+
         Total |  10955 |  10575 |    380 |   1746 |   6494 |  16 |  684.7 |
       Dungeon |   9748 |   9373 |    375 |   1438 |   6025 |  13 |  749.8 |
        Temple |     42 |     38 |      4 |      0 |     36 |   1 |   42.0 |
         Sewer |    499 |    499 |      0 |      0 |    396 |   1 |  499.0 |
        Bailey |    664 |    664 |      0 |    308 |     35 |   1 |  664.0 |
               +--------+--------+--------+--------+--------+-----+--------+

Top non-repeatable levels by time:
     D:9: 1332 daAuts
     D:5: 1111 daAuts
     D:7: 1084 daAuts
    D:10: 897 daAuts
    D:12: 859 daAuts
     D:4: 824 daAuts
    D:11: 799 daAuts
  Bailey: 664 daAuts
     D:2: 654 daAuts
     D:3: 607 daAuts
     D:8: 567 daAuts
     D:6: 507 daAuts
   Sewer: 499 daAuts
     D:1: 452 daAuts
    D:13: 49 daAuts
